 Dungeon Crawl Stone Soup version 0.21.0-8-gf18e19db4a (webtiles) character file.

61376 Rauder the Spear-Bearer (level 14, -3/124 HPs)
             Began as a Grey Draconian Venom Mage on Jan 17, 2018.
             Was a High Priest of Sif Muna.
             Slain by a nine-headed hydra (7 damage)
             ... on level 3 of the Lair of Beasts on Jan 18, 2018.
             The game lasted 04:07:14 (21455 turns).

Rauder the Spear-Bearer (DrVM)                     Turns: 21455, Time: 04:07:15

Health: -3/124     AC: 22    Str: 12    XL:     14   Next: 60%
Magic:  1/28       EV: 16    Int: 19    God:    Sif Muna [*****.]
Gold:   2245       SH:  5    Dex: 12    Spells: 7/33 levels left

rFire    . . .     SeeInvis .   a - +10 glaive of the Common Good {vamp, Stlth+}
rCold    + . .     Gourm    .   (shield currently unavailable)
rNeg     + . .     Faith    .   (armour unavailable)
rPois    .         Spirit   .   (helmet restricted)
rElec    .         Reflect  +   q - +0 cloak {rC+}
rCorr    .         Harm     .   V - +0 pair of gloves
MR       ++...                  C - +0 pair of boots
Stlth    ++++......             T - +5 amulet of reflection
HPRegen  0.30/turn              P - ring of positive energy
MPRegen  0.21/turn              S - ring of protection from magic

@: icy armour, hasted, no casting, very quick
A: walk through water, unfitting armour, unbreathing, cold-blooded, AC +13
a: Stop Divine Energy, Channel Magic, Forget Spell, Renounce Religion


You were on level 3 of the Lair of Beasts.
You worshipped Sif Muna.
Sif Muna was extremely pleased with you.
You were not hungry.

You visited 5 branches of the dungeon, and saw 21 of its levels.
You also visited: Labyrinth, Ossuary and Ice Cave.

You collected 2245 gold pieces.

Inventory:

Hand Weapons
 a - the +10 glaive of the Common Good (weapon) {vamp, Stlth+}
   (You found it in a labyrinth)

   It inflicts no extra harm, but heals its wielder when it wounds a living foe.
   It makes you more stealthy.
Armour
 q - a +0 cloak of cold resistance (worn)
 C - a +0 pair of boots (worn)
 V - a +0 pair of gloves (worn)
Magical Staves
 A - an uncursed staff of power
 J - an uncursed staff of fire {unknown}
Jewellery
 m - an uncursed ring of ice
 o - an uncursed ring of magical power
 B - an uncursed ring of protection from cold
 E - an uncursed amulet of guardian spirit
 K - a +3 ring of evasion
 N - an uncursed ring of see invisible
 P - a ring of positive energy (left hand)
 S - a ring of protection from magic (right hand)
 T - a +5 amulet of reflection (around neck)
Wands
 s - a wand of iceblast (75)
 t - a wand of flame (58)
 L - a wand of enslavement (16)
Scrolls
 j - 4 scrolls of teleportation
 k - 9 scrolls of remove curse
 y - a scroll of fog
 F - a scroll of acquirement
 I - a scroll of holy word
 R - 5 scrolls of amnesia
 W - 2 scrolls of enchant armour {unknown}
 Y - a scroll of enchant weapon
Potions
 d - 3 potions of agility
 f - 4 potions of magic
 i - a potion of haste
 l - 2 potions of curing
 u - a potion of lignification
 v - 2 potions of cancellation {unknown}
 w - a potion of ambrosia {unknown}
 z - 2 potions of brilliance {unknown}
 D - 5 potions of flight
 H - 2 potions of mutation
 M - a potion of resistance {unknown}
 O - a potion of might {unknown}
 Q - 2 potions of berserk rage {unknown}
 X - a potion of invisibility {unknown}
Books
 c - a book of Enchantments

   Spells                             Type                      Level
   a - Cause Fear                     Hexes                        4
   b - Yara's Violent Unravelling     Hexes/Transmutation          5
   c - Silence                        Hexes/Air                    5
   d - Deflect Missiles               Charms/Air                   6
   e - Discord                        Hexes                        8
 e - a book of Party Tricks

   Spells                             Type                      Level
   a - Summon Butterflies             Summoning                    1
   b - Apportation                    Translocation                1
   c - Lesser Beckoning               Translocation                3
   d - Tukima's Dance                 Hexes                        3
   e - Alistair's Intoxication        Transmutation/Poison         5
   f - Invisibility                   Hexes                        6
 n - a Young Poisoner's Handbook

   Spells                             Type                      Level
   a - Sting                          Conjuration/Poison           1
   b - Poisonous Vapours              Poison/Air                   2
   c - Mephitic Cloud                 Conjuration/Poison/Air       3
   d - Olgreb's Toxic Radiance        Poison                       4
   e - Venom Bolt                     Conjuration/Poison           5
 p - a book of Ice

   Spells                             Type                      Level
   a - Ice Form                       Ice/Transmutation            4
   b - Metabolic Englaciation         Hexes/Ice                    5
   c - Ozocubu's Refrigeration        Ice                          6
   d - Bolt of Cold                   Conjuration/Ice              6
   e - Freezing Cloud                 Conjuration/Ice/Air          6
   f - Simulacrum                     Ice/Necromancy               6
 r - a book of Frost

   Spells                             Type                      Level
   a - Freeze                         Ice                          1
   b - Throw Frost                    Conjuration/Ice              2
   c - Ozocubu's Armour               Charms/Ice                   3
   d - Throw Icicle                   Conjuration/Ice              4
   e - Summon Ice Beast               Ice/Summoning                4
 U - a book of Minor Magic

   Spells                             Type                      Level
   a - Magic Dart                     Conjuration                  1
   b - Blink                          Translocation                2
   c - Call Imp                       Summoning                    2
   d - Slow                           Hexes                        2
   e - Conjure Flame                  Conjuration/Fire             3
   f - Mephitic Cloud                 Conjuration/Poison/Air       3
 Z - a book of Battle

   Spells                             Type                      Level
   a - Infusion                       Charms                       1
   b - Shroud of Golubria             Charms/Translocation         2
   c - Song of Slaying                Charms                       2
   d - Spectral Weapon                Hexes/Charms                 3
   e - Regeneration                   Charms/Necromancy            3
Miscellaneous
 x - a phantom mirror
Comestibles
 b - 22 rations


   Skills:
 * Level 11.1 Fighting
   Level 1.0 Short Blades
 * Level 13.7(13.9) Polearms
 - Level 3.4(9.8) Staves
 * Level 8.6 Dodging
 + Level 5.2 Stealth
 - Level 0.4 Unarmed Combat
 * Level 10.3 Spellcasting
 + Level 7.6 Conjurations
 - Level 0.1 Charms
 + Level 0.1 Summonings
 - Level 5.4 Ice Magic
 - Level 0.1 Air Magic
 - Level 6.5 Poison Magic
 + Level 5.5 Invocations


You had 7 spell levels left.
You knew the following spells:

 Your Spells              Type           Power        Failure   Level  Hunger
a - Sting                 Conj/Pois      ####         1%          1    None
b - Mephitic Cloud        Conj/Pois/Air  ####....     3%          3    None
c - Throw Frost           Conj/Ice       ####..       1%          2    None
d - Ozocubu's Armour      Chrm/Ice       ###.....     7%          3    None
e - Throw Icicle          Conj/Ice       ####....     4%          4    ##.....
f - Venom Bolt            Conj/Pois      #####.....   11%         5    #####..
g - Summon Ice Beast      Ice/Summ       ###.....     22%         4    ##.....
h - Blink                 Tloc           N/A          11%         2    None
i - Song of Slaying       Chrm           ##......     11%         2    None


Dungeon Overview and Level Annotations

Branches:
Dungeon (11/15)            Temple (1/1) D:6            Lair (6/6) D:10
  Swamp (1/4) Lair:3        Snake (0/4) Lair:3        Slime (0/5) Lair:6
    Orc (2/2) D:11            Elf (0/3) Orc:2

Altars:
Ashenzari
Cheibriados
Dithmenos
Elyvilon
Fedhas
Gozag
Hepliaklqana
Kikubaaqudgha
Makhleb
Nemelex Xobeh
Okawaru
Qazlal
Ru
Sif Muna
Trog
Uskayaw
Vehumet
Wu Jian
Xom
Yredelemnul
Zin
The Shining One
Beogh
Jiyva

Shops:
D:8 :   Orc:2 %:[[

Portals:
Trove: D:11 (give +3 gold dragon scales)

Annotations:
D:5 nataq's ghost, amateur DsFi
D:6 exclusion: slave, Pikel
D:11 +3 gold dragon scales
Lair:3 exclusion: downstairs
Lair:5 exclusion: 3 oklob plants, Nessos


Innate Abilities, Weirdness & Mutations

You can walk through water.
Your dull iron-grey scales are very hard. (AC +13)
You cannot fit into any form of body armour.
You can survive without breathing.
You are cold-blooded and may be slowed by cold attacks.


Message History

Aim: a nine-headed hydra (almost dead)
You miscast Throw Icicle.
Sif Muna protects you from the effects of your miscast!
Sif Muna grants you divine energy.
You briefly lose access to your magic!
The nine-headed hydra bites you but does no damage.
The nine-headed hydra bites you.
* * * LOW HITPOINT WARNING * * *
The nine-headed hydra barely misses you.
The nine-headed hydra bites you.
* * * LOW HITPOINT WARNING * * *
The nine-headed hydra bites you but does no damage. x3
The nine-headed hydra bites you.
* * * LOW HITPOINT WARNING * * *
The nine-headed hydra closely misses you.
You feel yourself speed up. The nine-headed hydra bites you.
* * * LOW HITPOINT WARNING * * *
The nine-headed hydra bites you but does no damage. x2
The nine-headed hydra misses you. The nine-headed hydra bites you!
You die...

#................>.....
##.....#...............
#.......#..............
##.....##..............
#.....#....♣..........
#########.....[...≈≈♣.........
####............##..♣♣≈♣♣.....###
.........###....#.#♣≈≈§§♣§.......
.###......##....@D.♣§§§§§§.......
(P###P..........#..≈§§§§≈§§....^.
P...##....#......#≈♣≈§≈§≈§......#
.#..#......#....##♣.♣§§§≈♣..#...#
.#..................♣§≈≈♣..##....
....#...........)...♣♣≈♣..##.....
.................##...♣.###......
....#..>.........##....###.......
...........PP....#....P..........


You could see a nine-headed hydra.

Vanquished Creatures
  An orc warlord (Orc:2)
  Snorg (Lair:3)
  A minotaur (Lab)
  Fannar (Lair:3)
  4 hydras
  An ice dragon (Lair:4)
  Harold (Lair:2)
  2 catoblepae
  6 two-headed ogres
  A death yak (Lair:5)
  Sonja (D:11)
  3 orc high priests (Orc:2)
  Nergalle (D:10)
  An unseen horror (D:11)
  A lindwurm (Lair:5)
  A necromancer (IceCv)
  6 orc sorcerers (Orc:2)
  5 orc knights
  A manticore (D:11)
  A cyclops (Orc:2)
  4 elephants
  Maurice (D:9)
  4 black mambas
  7 spiny frogs
  Joseph (D:7)
  An ice statue (IceCv)
  2 torpor snails (Lair:3)
  3 rime drakes
  3 komodo dragons
  10 freezing wraiths (IceCv)
  3 polar bears
  3 meliai (Lair:5)
  3 trolls (D:11)
  A queen bee (Lair:5)
  7 hornets (Lair:6)
  16 blink frogs
  7 hippogriffs
  2 shadows (Lab)
  14 spriggans (Lair:6)
  3 wyverns
  21 yaks
  4 basilisks
  2 steam dragons
  A warg (Orc:2)
  4 insubstantial wisps (Swamp:1)
  24 water moccasins
  17 porcupines
  7 black bears
  9 ice beasts
  25 orc warriors
  6 sky beasts
  3 boggarts (Lair:6)
  21 wolves
  4 ogres
  5 centaurs
  An elf zombie (Ossuary)
  9 crocodiles
  A big kobold (D:9)
  13 bullfrogs
  3 scorpions
  2 elephant simulacra (IceCv)
  2 water moccasin skeletons
  32 killer bees
  3 howler monkeys (D:9)
  4 crimson imps
  A lava snake (Lair:3)
  7 draconian simulacra (IceCv)
  A quasit (D:6)
  12 orc priests
  6 hounds
  2 jellies
  Crazy Yiuf (D:3)
  A human zombie (Ossuary)
  3 bullfrog skeletons
  5 iguanas
  Jessica (D:3)
  Ijyb (D:3)
  17 orc wizards
  3 troll simulacra (IceCv)
  2 spriggan simulacra (IceCv)
  4 worker ants
  A hell rat (Lair:5)
  A polar bear simulacrum (IceCv)
  A wolf simulacrum (IceCv)
  A centaur simulacrum (IceCv)
  2 big kobold zombies (Ossuary)
  A hound zombie (D:7)
  2 mummies (Ossuary)
  A worker ant zombie (D:5)
  4 gnolls (D:4)
  8 adders
  A naga simulacrum (IceCv)
  5 ogre simulacra (IceCv)
  2 shadow imps
  12 white imps (IceCv)
  An ooze (D:1)
  4 adder zombies
  2 worms
  6 dart slugs
  7 leopard geckos
  67 orcs
  8 giant cockroaches
  8 hobgoblins
  3 jackals (D:5)
  4 quokkas
  2 ball pythons
  2 bats
  5 frilled lizards
  3 goblins
  2 goblin zombies (Ossuary)
  10 hobgoblin zombies (Ossuary)
  A jackal zombie (Ossuary)
  9 kobolds
  6 kobold zombies (Ossuary)
  10 orc zombies (Ossuary)
  A quokka skeleton (D:9)
  6 rats
  2 rat zombies (Ossuary)
  A fungus (Lair:1)
637 creatures vanquished.

Vanquished Creatures (collateral kills)
  A polar bear (Lair:6)
  A wolf (Lair:6)
  A spriggan simulacrum (IceCv)
3 creatures vanquished.

Vanquished Creatures (others)
  A centaur (D:5)
  2 fungi
  A plant (Lair:3)
4 creatures vanquished.

Grand Total: 644 creatures vanquished

Notes
Turn   | Place    | Note
-------+----------+-------------------------------------------
     0 | D:1      | Rauder the Draconian Venom Mage began the quest for the Orb.
     0 | D:1      | Reached XP level 1. HP: 14/14 MP: 3/3
   179 | D:1      | Reached XP level 2. HP: 16/22 MP: 1/5
   270 | D:1      | Reached skill level 1 in Fighting
   666 | D:2      | Reached XP level 3. HP: 28/28 MP: 4/6
  1248 | D:2      | Learned a level 3 spell: Mephitic Cloud
  1484 | D:3      | Reached XP level 4. HP: 35/35 MP: 7/7
  1612 | D:3      | Noticed Ijyb
  1625 | D:3      | Killed Ijyb
  1742 | D:3      | Reached skill level 1 in Short Blades
  1930 | D:3      | Noticed Jessica
  1936 | D:3      | Killed Jessica
  1952 | D:3      | Reached XP level 5. HP: 40/41 MP: 9/9
  2044 | D:3      | Found a runed door.
  2048 | D:3      | Noticed Crazy Yiuf
  2058 | D:3      | Killed Crazy Yiuf
  2128 | D:4      | Found a glowing golden altar of the Shining One.
  2562 | D:4      | Found a deep blue altar of Sif Muna.
  2563 | D:4      | Found a shimmering altar of Xom.
  2569 | D:4      | Became a worshipper of Sif Muna the Loreminder
  2720 | D:4      | Reached XP level 6. HP: 50/50 MP: 5/11
  3025 | D:5      | Entered Level 5 of the Dungeon
  3186 | D:5      | Noticed a sky beast
  3250 | D:6      | Noticed Pikel
  3250 | D:6      | Noticed a slave
  3250 | D:6      | Noticed a slave
  3250 | D:6      | Noticed a slave
  3285 | D:5      | Noticed nataq's ghost (amateur DsFi)
  3457 | D:5      | Your scales start taking on a dull iron-grey colour.
  3457 | D:5      | Reached XP level 7. HP: 43/57 MP: 13/13
  3457 | D:5      | Gained mutation: You can survive without breathing. [Grey Draconian growth]
  4105 | D:6      | Found a staircase to the Ecumenical Temple.
  4115 | D:6      | Reached skill level 1 in Invocations
  4141 | D:6      | Reached * piety under Sif Muna
  4187 | Temple   | Entered the Ecumenical Temple
  4550 | D:6      | Reached skill level 5 in Spellcasting
  4845 | D:7      | Learned a level 2 spell: Throw Frost
  4847 | D:7      | Found a sand-covered staircase.
  4851 | Ossuary  | Entered an ossuary
  5537 | Ossuary  | Reached skill level 1 in Ice Magic
  5599 | Ossuary  | Reached XP level 8. HP: 49/66 MP: 15/15
  5776 | D:7      | Noticed Joseph
  5844 | D:7      | Killed Joseph
  5844 | D:7      | Reached skill level 5 in Poison Magic
  6452 | D:7      | Found a glowing silver altar of Zin.
  6457 | D:7      | Found a snail-covered altar of Cheibriados.
  6460 | D:7      | Found a shadowy altar of Dithmenos.
  6890 | D:7      | Reached skill level 5 in Fighting
  6890 | D:7      | Reached XP level 9. HP: 49/74 MP: 18/18
  7085 | D:8      | Reached ** piety under Sif Muna
  7089 | D:8      | Found an opulent altar of Gozag.
  7318 | D:8      | Noticed a two-headed ogre
  7340 | D:8      | Killed a two-headed ogre
  7343 | D:8      | Noticed a two-headed ogre
  7351 | D:8      | Killed a two-headed ogre
  7367 | D:8      | Reached skill level 5 in Conjurations
  7510 | D:8      | Found Pamm's Book Shop.
  7770 | D:9      | Reached XP level 10. HP: 83/83 MP: 21/21
  7777 | D:9      | Reached *** piety under Sif Muna
  7847 | D:9      | Learned a level 3 spell: Ozocubu's Armour
  7852 | D:9      | Learned a level 4 spell: Throw Icicle
  8042 | D:9      | Reached skill level 1 in Staves
  8112 | D:9      | Noticed Maurice
  8579 | D:9      | Killed Maurice
  8823 | D:10     | Entered Level 10 of the Dungeon
  8887 | D:10     | Noticed a two-headed ogre
  8913 | D:10     | Killed a two-headed ogre
  9314 | D:10     | Found a staircase to the Lair.
  9374 | D:10     | Noticed a two-headed ogre
  9377 | D:10     | Noticed Nergalle
  9406 | D:10     | Killed Nergalle
  9406 | D:10     | Reached **** piety under Sif Muna
  9406 | D:10     | Reached skill level 5 in Ice Magic
  9422 | D:10     | Killed a two-headed ogre
  9422 | D:10     | Reached skill level 5 in Invocations
  9422 | D:10     | Reached XP level 11. HP: 87/91 MP: 23/23
  9691 | Lair:1   | Entered Level 1 of the Lair of Beasts
  9805 | Lair:1   | Found a shadowy altar of Dithmenos.
  9888 | Lair:1   | Found a labyrinth entrance.
  9938 | Lab      | Entered a labyrinth
 10099 | Lab      | Noticed a minotaur
 10142 | Lab      | Killed a minotaur
 10150 | Lab      | Found the cursed +14 obsidian axe {chop, +Fly SInv *Curse}
 10151 | Lab      | Got an encrusted glaive
 10154 | Lab      | Identified the +10 glaive of the Common Good {vamp, Stlth+} (You found it in a labyrinth)
 10315 | Lair:1   | Reached skill level 5 in Dodging
 10348 | Lair:1   | Reached skill level 1 in Polearms
 10389 | Lair:1   | Reached skill level 2 in Polearms
 10660 | Lair:1   | Identified a scroll of acquirement
 10732 | Lair:1   | Upgraded the game from 0.21.0-3-g78d12a8bdd to 0.21.0-8-gf18e19db4a
 10959 | Lair:2   | Reached skill level 3 in Polearms
 11028 | Lair:2   | Noticed a five-headed hydra
 11164 | Lair:2   | Reached skill level 4 in Polearms
 11236 | Lair:2   | Killed a five-headed hydra
 11287 | Lair:2   | Reached skill level 5 in Polearms
 11296 | Lair:2   | Noticed Harold
 11514 | Lair:2   | Killed Harold
 11566 | Lair:3   | Learned a level 5 spell: Venom Bolt
 11571 | Lair:3   | Learned a level 4 spell: Summon Ice Beast
 11614 | Lair:3   | Reached XP level 12. HP: 99/100 MP: 15/25
 11629 | Lair:3   | Reached skill level 6 in Polearms
 11763 | Lair:3   | Noticed Fannar
 11767 | Lair:3   | Found a staircase to the Swamp.
 11782 | Lair:3   | Killed Fannar
 11848 | Lair:3   | Noticed an eight-headed hydra
 11852 | Lair:3   | Killed an eight-headed hydra
 11859 | Lair:3   | Reached skill level 7 in Polearms
 12033 | Lair:3   | Found a snail-covered altar of Cheibriados.
 12137 | Lair:3   | Found a staircase to the Snake Pit.
 12297 | Lair:3   | Noticed Snorg
 12314 | Lair:3   | Killed Snorg
 12384 | Lair:3   | Reached skill level 8 in Polearms
 12663 | Lair:4   | Noticed a five-headed hydra
 12721 | Lair:4   | Noticed a catoblepas
 12741 | Lair:4   | Found a frozen archway.
 12741 | Lair:4   | Noticed an ice dragon
 12766 | Lair:4   | Killed an ice dragon
 12796 | IceCv    | Entered an ice cave
 12899 | IceCv    | Reached skill level 9 in Polearms
 13488 | IceCv    | Found an ancient bone altar of Kikubaaqudgha.
 14708 | IceCv    | Reached skill level 10 in Polearms
 14962 | Lair:4   | Killed a six-headed hydra
 14962 | Lair:4   | Reached XP level 13. HP: 111/111 MP: 10/26
 15845 | Lair:5   | Reached ***** piety under Sif Muna
 16162 | Lair:5   | Noticed Nessos
 16165 | Lair:5   | Reached skill level 11 in Polearms
 16716 | Lair:6   | Entered Level 6 of the Lair of Beasts
 17202 | Lair:6   | Identified Sif Muna's Tome of the Volcanoes (Sif Muna gifted it to you on level 6 of the Lair of Beasts)
 17202 | Lair:6   | Received a gift from Sif Muna
 17237 | Lair:6   | Found a staircase to the Slime Pits.
 17237 | Lair:6   | Found a viscous altar of Jiyva.
 17410 | Lair:6   | Reached skill level 12 in Polearms
 17509 | Lair:6   | Reached skill level 10 in Fighting
 17845 | Lair:6   | Reached skill level 10 in Spellcasting
 17870 | Lair:6   | Reached XP level 14. HP: 103/121 MP: 25/28
 18635 | D:11     | Noticed Sonja
 18769 | D:11     | Learned a level 2 spell: Blink
 18863 | D:11     | Reached skill level 5 in Stealth
 18879 | D:11     | Killed Sonja
 18998 | D:11     | Found a portal to a secret trove of treasure.
 19151 | D:11     | Found a staircase to the Orcish Mines.
 19190 | D:11     | Found a roughly hewn altar of Beogh.
 19192 | D:11     | Reached skill level 13 in Polearms
 19220 | D:11     | Learned a level 2 spell: Song of Slaying
 19363 | Orc:1    | Entered Level 1 of the Orcish Mines
 19390 | Orc:1    | Found a burning altar of Makhleb.
 19577 | Orc:2    | Entered Level 2 of the Orcish Mines
 19597 | Orc:1    | Noticed an orc warlord
 19634 | Orc:2    | Received a gift from Sif Muna
 20107 | Orc:2    | Found a shimmering altar of Xom.
 20232 | Orc:2    | Found Siarihoj's Antique Armour Emporium.
 20235 | Orc:2    | Paralysed by an orc sorcerer for 4 turns
 20279 | Orc:2    | Paralysed by an orc sorcerer for 4 turns
 20515 | Orc:2    | Found Istrifaitz's Armour Boutique.
 20522 | Orc:2    | Found Hygenauc's Book Boutique.
 20524 | Orc:2    | Found Nigeijy's Food Emporium.
 20828 | Orc:2    | Found a staircase to the Elven Halls.
 20932 | Orc:2    | Killed an orc warlord
 21425 | Swamp:1  | Entered Level 1 of the Swamp
 21447 | Lair:3   | HP: 4/124 [nine-headed hydra (7)]
 21454 | Lair:3   | HP: 6/124 [nine-headed hydra (6)]
 21455 | Lair:3   | Slain by a nine-headed hydra

Skill      XL: |  1  2  3  4  5  6  7  8  9 10 11 12 13 14 |
---------------+-------------------------------------------+-----
Fighting       | 1 2 3 5 6 7 9 10 11 | 11.1
Stealth        | 2 3 4 5 |  5.2
Dodging        | 2 3 4 6 7 8 |  8.6
Short Blades   | 1 |  1.0
Spellcasting   | 3 4 5 6 7 8 9 10 | 10.3
Poison Magic   | 4 5 6 |  6.5
Conjurations   | 2 3 5 6 7 |  7.6
Invocations    | 1 2 4 5 |  5.5
Ice Magic      | 1 2 4 5 |  5.4
Staves         | 2 3 |  3.4
Polearms       | 5 10 12 13 | 13.7
Unarmed Combat | |  0.4
Charms         | |  0.1
Summonings     | |  0.1
Air Magic      | |  0.1

Action                   |  1- 3 |  4- 6 |  7- 9 | 10-12 | 13-15 || total
-------------------------+-------+-------+-------+-------+-------++-------
Melee: Unarmed           |    33 |       |       |       |       ||    33
       Tailslap          |    12 |     7 |    57 |    52 |    61 ||   189
       Short sword       |    86 |    74 |       |       |       ||   160
       Staff             |       |       |   419 |   152 |       ||   571
       Glaive            |       |       |       |   417 |   787 ||  1204
 Cast: Sting             |    41 |    88 |   235 |   193 |    13 ||   570
       Mephitic Cloud    |     1 |    10 |    17 |    52 |   103 ||   183
       Throw Frost       |       |       |    24 |     3 |       ||    27
       Throw Icicle      |       |       |       |    87 |    16 ||   103
       Ozocubu's Armour  |       |       |       |    19 |    23 ||    42
       Venom Bolt        |       |       |       |    14 |    27 ||    41
       Summon Ice Beast  |       |       |       |     9 |       ||     9
       Blink             |       |       |       |       |     1 ||     1
       Song of Slaying   |       |       |       |       |     1 ||     1
Invok: Divine Energy     |       |       |     1 |       |       ||     1
       Channel Magic     |       |       |       |     3 |     1 ||     4
Evoke: Wand              |       |     3 |    35 |    34 |       ||    72
  Use: Scroll            |     5 |     3 |     6 |    14 |     6 ||    34
       Potion            |     1 |       |       |     7 |     9 ||    17
 Stab: Sleeping          |     1 |       |       |     8 |    11 ||    20
       Distracted        |       |       |     1 |     5 |     1 ||     7
       Confused          |       |       |       |     2 |    34 ||    36
       Paralysed         |       |       |       |       |     1 ||     1
  Eat: Chunk             |     3 |     7 |     9 |    17 |    15 ||    51
       Ration            |       |       |     2 |     8 |     4 ||    14
Armor: Skin              |    26 |    23 |   244 |   268 |   341 ||   902
Dodge: Dodged            |    62 |    40 |   376 |   432 |   664 ||  1574
Block: Other             |     1 |    13 |    63 |   113 |    91 ||   281
       Reflection        |     1 |     1 |       |       |     2 ||     4
